 Dungeon Crawl Stone Soup version 0.30-a0-374-g95c0257040 (webtiles) character file.

Game seed: 3869105752980823572

341 popes the Slasher (level 6, -3/56 HPs)
             Began as a Minotaur Berserker on Nov 26, 2022.
             Was a Believer of Trog.
             Slain by Natasha (7 damage)
             ... on level 3 of the Dungeon.
             The game lasted 00:08:24 (2305 turns).

popes the Slasher (Minotaur Berserker)              Turns: 2305, Time: 00:08:24

Health: -3/56      AC:  8    Str: 23    XL:     6   Next: 30%
Magic:  5/5        EV: 11    Int:  4    God:    Trog [**....]
Gold:   117        SH:  0    Dex: 10    Spells: 5/5 levels left

rFire   . . .      SeeInvis .    a - +0 falchion
rCold   . . .      Faith    .    (no shield)
rNeg    . . .      Spirit   .    f - +0 scale mail
rPois   .          Reflect  .    (helmet restricted)
rElec   .          Harm     .    (no cloak)
rCorr   .          Rampage  .    j - +0 pair of gloves
Will    .....                    (no boots)
Stlth   ..........               (no amulet)
HPRegen 0.29/turn                (no ring)
MPRegen 0.09/turn                (no ring)

@: slowed, very slow
A: horns 2, retaliatory headbutt
a: Renounce Religion, Berserk, Trog's Hand


You were on level 3 of the Dungeon.
You worshipped Trog.
Trog was pleased with you.
You visited 1 branch of the dungeon, and saw 3 of its levels.

You collected 145 gold pieces.
You spent 28 gold pieces at shops.

Inventory:

Hand Weapons
 a - a +0 falchion (weapon)
Missiles
 b - 5 poisoned darts (quivered)
Armour
 f - a +0 scale mail (worn)
 j - a +0 pair of gloves (worn)
 q - a +2 robe of positive energy
Scrolls
 c - a scroll of butterflies {unknown}
 d - 4 scrolls of identify
 e - a scroll of enchant armour {unknown}
 g - 2 scrolls of magic mapping {unknown}
 h - a scroll of noise {unknown}
 i - a scroll of fear {unknown}
 k - a scroll of enchant weapon {unknown}
 m - a scroll of teleportation {unknown}
 o - a scroll of summoning {unknown}
Potions
 l - 3 potions of curing {unknown}
 n - 2 potions of haste {unknown}
 p - a potion of heal wounds {unknown}


   Skills:
 + Level 5.0 Fighting
 + Level 6.1 Long Blades
 + Level 4.5 Armour
 + Level 3.1 Dodging
 + Level 0.6 Stealth


You had 5 spell levels left.
You didn't know any spells.
Your spell library was empty.

Dungeon Overview and Level Annotations

Branches:
Dungeon (3/15)

Altars:

Shops:
D:1 ?

Annotations:
D:3 Natasha


Innate Abilities, Weirdness & Mutations

You have a pair of horns on your head.
You reflexively headbutt those who attack you in melee.


Message History

* * * LOW HITPOINT WARNING * * *
The shadow imp barely misses you.
The crimson imp hits you but does no damage.
You hit Natasha but do no damage. Your headbutt misses Natasha.
Something hits you.
* * * LOW HITPOINT WARNING * * *
The orc closely misses you. The orc barely misses you.
Natasha claws you but does no damage.
The shadow imp hits you but does no damage.
The crimson imp blinks!
You bump into the rock wall.
Something hits you but does no damage. The orc hits you with a +0 flail.
* * * LOW HITPOINT WARNING * * *
The orc hits you but does no damage. Natasha claws you.
* * * LOW HITPOINT WARNING * * *
The shadow imp hits you.
* * * LOW HITPOINT WARNING * * *
The crimson imp blinks!
You barely miss Natasha.
The crimson imp disappears in a puff of smoke!
The orc barely misses you. Something hits you but does no damage.
The orc hits you but does no damage. The orc closely misses you.
Natasha stares at you and mumbles some strange words.
You feel yourself slow down.
You hit Natasha but do no damage.
You feel less confused. The shadow imp closely misses you.
The orc hits you but does no damage. Something hits you but does no damage.
The orc hits you but does no damage. The orc barely misses you.
Natasha closely misses you.
The shadow imp hits you but does no damage.
The crimson imp blinks!
You hit Natasha.
Natasha is moderately wounded.
The orc barely misses you. The orc completely misses you.
You hear some strange, mumbled words.
Something tries to affect you, but you resist.
The orc hits you with a +0 short sword.
* * * LOW HITPOINT WARNING * * *
Natasha claws you!
You die...

#.# ..# #.# ####
#.# #.# #.# #
#.# #.# #.# ..
#####5##.##
...#...§o@h..#
........oo{..#
##.#.....5...#
#..........#
.............#
#............#
#............#
$...............
........?.......


You could see Natasha, a crimson imp (summoned), a shadow imp (summoned) and 3
orcs.

Vanquished Creatures
  Sigmund (D:3)
  An orc priest (D:3)
  An orc wizard (D:3)
  3 gnolls (D:2)
  2 adders (D:2)
  2 worms
  2 dart slugs (D:1)
  7 orcs
  4 bats (D:1)
  7 endoplasms
  3 giant cockroaches
  8 goblins
  6 hobgoblins
  4 jackals (D:1)
  5 kobolds
  2 quokkas
  3 ball pythons
  2 frilled lizards
  3 rats
66 creatures vanquished.

Notes
Turn   | Place    | Note
-------+----------+-------------------------------------------
     0 | D:1      | popes the Minotaur Berserker began the quest for the Orb.
     0 | D:1      | Reached XP level 1. HP: 19/19 MP: 0/0
   244 | D:1      | Reached XP level 2. HP: 27/27 MP: 1/1
   340 | D:1      | Reached skill level 4 in Long Blades
   496 | D:1      | Reached XP level 3. HP: 29/33 MP: 2/2
   700 | D:1      | Found Saemihag's Magic Scroll Shoppe.
   703 | D:1      | Bought a scroll of identify for 28 gold pieces
   738 | D:1      | Reached ** piety under Trog
  1428 | D:2      | Reached XP level 4. HP: 41/41 MP: 3/3
  1549 | D:2      | Reached skill level 5 in Long Blades
  2006 | D:3      | Reached XP level 5. HP: 18/47 MP: 4/4
  2177 | D:3      | Noticed Sigmund
  2188 | D:3      | Killed Sigmund
  2189 | D:3      | Reached skill level 6 in Long Blades
  2189 | D:3      | Reached XP level 6. HP: 42/55 MP: 5/5
  2195 | D:3      | Reached skill level 5 in Fighting
  2281 | D:3      | Noticed Natasha
  2305 | D:3      | Slain by Natasha

Illustrated notes

Levels and vault maps discovered:
D:1:      lightli_iron_boxes, layout_loops_corners, serial_forest,
          infiniplex_forest_corner_2, infiniplex_forest_straight_2,
          infiniplex_forest_clump_small, infiniplex_forest_clump_medium,
          infiniplex_forest_lined_room_2, infiniplex_forest_end_2,
          infiniplex_forest_join, serial_shops, shop
D:2:      layout_basic
D:3:      layout_loops_ring, uniq_grinder, uniq_sigmund, uniq_natasha

Skill      XL: |  1  2  3  4  5  6 |
---------------+-------------------+-----
Fighting       | 4 5 |  5.0
Long Blades    | 4 5 6 |  6.1
Armour         | 3 4 |  4.5
Dodging        | 3 |  3.1
Stealth        | |  0.6

Action                   |  1- 3 |  4- 6 || total
-------------------------+-------+-------++-------
Melee: Falchion          |    96 |    99 ||   195
       Headbutt          |    14 |    20 ||    34
       Punch             |     2 |       ||     2
 Stab: Sleeping          |     1 |       ||     1
Armor: Animal skin       |     4 |       ||     4
       Scale mail        |    53 |    83 ||   136
Dodge: Dodged            |    68 |    86 ||   154

Table legend: (Time is in decaauts)
 A = Elapsed time spent in this place.
 B = Non-inter-level travel time spent in this place.
 C = Inter-level travel time spent in this place.
 D = Time resting spent in this place.
 E = Time spent auto-exploring this place.
 F = Levels seen in this place.
 G = Mean time per level.
                   A        B        C        D        E       F      G
               +--------+--------+--------+--------+--------+-----+--------+
         Total |   2317 |   2141 |    176 |    346 |   1365 |   3 |  772.3 |
       Dungeon |   2317 |   2141 |    176 |    346 |   1365 |   3 |  772.3 |
               +--------+--------+--------+--------+--------+-----+--------+

Top non-repeatable levels by time:
     D:1: 1066 daAuts
     D:2: 847 daAuts
     D:3: 403 daAuts
